 Dungeon Crawl Stone Soup version 0.31-a0-875-g02e7d12df6 (webtiles) character file.

Game seed: 944598712964328332

8412 Gergoth the Trooper (level 10, -7/86 HPs)
             Began as a Demigod Venom Mage on Oct 12, 2023.
             Mangled by a small abomination (14 damage)
             ... on level 1 of the Abyss.
             The game lasted 00:37:20 (11026 turns).

Gergoth the Trooper (Demigod Venom Mage)           Turns: 11026, Time: 00:37:21

Health: -7/86      AC:  9    Str: 19    XL:     10   Next: 84%
Magic:  23/23      EV: 16    Int: 25    God:
Gold:   252        SH:  0    Dex: 26    Spells: 8/21 levels left

rFire   . . .        u - +9 long sword "Keaxoarch" {protect, Fly Str+3}
rCold   . . .        (no shield)
rNeg    . . .        d - +0 acid dragon scales
rPois   .            G - +0 hat
rElec   .            K - +0 cloak
rCorr   +            x - +0 pair of gloves "Hoesch" {Will+ Str+3}
SInv    .            (no boots)
Will    ++...        (no amulet)
Stlth   ++           g - +6 ring of dexterity
HPRegen 0.34/turn    e - +6 ring of dexterity
MPRegen 0.18/turn

%: no passive effects
@: flying
A: high MP 1, forlorn, divine attributes
a: no special abilities


You were on level 1 of the Abyss.
You visited 2 branches of the dungeon, and saw 10 of its levels.
You visited the Abyss 1 time.

You collected 438 gold pieces.
You spent 186 gold pieces at shops.

Inventory:

Hand Weapons
 u - the +9 long sword "Keaxoarch" (weapon) {protect, Fly Str+3}
   (You found it on level 3 of the Dungeon)

   Str+3:     It affects your strength (+3).
   Fly:       It grants you flight.
Missiles
 v - 2 throwing nets
 I - 4 poisoned darts
Armour
 d - +0 acid dragon scales (worn)
 t - a +0 pair of gloves
 x - the +0 pair of gloves "Hoesch" (worn) {Will+ Str+3}
   (You found it on level 3 of the Dungeon)

   Str+3:     It affects your strength (+3).
   Will+:     It increases your willpower.
 G - a +0 hat (worn)
 K - a +0 cloak (worn)
Jewellery
 e - a +6 ring of dexterity (right hand)
 g - a +6 ring of dexterity (left hand)
Wands
 a - a wand of paralysis (19)
 i - a wand of polymorph (13)
 o - a wand of light (10)
 r - a wand of mindburst (22)
 w - a wand of flame (6)
 E - a wand of digging (8)
Scrolls
 c - 2 scrolls of revelation
 l - 2 scrolls of blinking
 y - a scroll of poison
 D - a scroll of amnesia
 F - a scroll of enchant armour
Potions
 b - 2 potions of magic
 f - 2 potions of brilliance
 h - 2 potions of enlightenment {unknown}
 m - a potion of resistance {unknown}
 n - 5 potions of curing
 q - 2 potions of might {unknown}
 z - 2 potions of berserk rage {unknown}
 B - 2 potions of haste {unknown}


   Skills:
 + Level 7.0 Fighting
 - Level 5.0 Long Blades
 - Level 5.4 Armour
 + Level 5.7 Dodging
 - Level 1.7 Stealth
 + Level 6.3 Spellcasting
 - Level 2.2 Conjurations
 - Level 3.5 Transmutations
 + Level 5.5 Air Magic
 - Level 4.4 Poison Magic


You had 8 spell levels left.
You knew the following spells:

 Your Spells              Type           Power      Damage    Failure   Level
a - Sting                 Tmut/Pois      100%       1d8       1%          1
b - Poisonous Vapours     Pois/Air       66%        N/A       1%          2
c - Mephitic Cloud        Conj/Pois/Air  28%        N/A       4%          3
d - Swiftness             Air            35%        N/A       2%          3
e - Airstrike             Air            17%        2d(3-19)  10%         4

Your spell library contained the following spells:

 Spells                   Type           Power      Damage    Failure   Level
 Shock                    Conj/Air       100%       1d9       1%          1
 Olgreb's Toxic Radiance  Pois           30%        N/A       14%         4


Dungeon Overview and Level Annotations

Branches:
Dungeon (9/15)             Temple (1/1) D:7             Orc (0/2) D:9
   Lair: D:8-11

Shops:
D:7 ?

Annotations:
D:7 2 runed translucent doors, Gruesome's ghost, novice OpSh


Innate Abilities, Weirdness & Mutations

You have an increased reservoir of magic. (+10% MP)
You shall have no god before yourself.
Your divine heritage dramatically boosts your attributes as you level up.


Message History

The tentacled starspawn bites your butterfly!!
Your butterfly dies!
Your butterfly disappears in a burst of colours!
The small abomination hits your butterfly.
Your butterfly dies!
Your butterfly disappears in a burst of colours!
Something barely misses your butterfly.
Something closely misses your butterfly.
The quasit barely misses your butterfly.
The quasit claws your butterfly.
Your butterfly dies!
Your butterfly disappears in a burst of colours!
A tentacle flies out from the starspawn's body!
The quasit closely misses your butterfly.
The quasit claws your butterfly.
Your butterfly dies!
Your butterfly disappears in a burst of colours!
A starspawn tentacle comes into view.
The starcursed mass barely misses your butterfly.
The starcursed mass touches your butterfly!
Your butterfly dies!
Your butterfly disappears in a burst of colours!
A tentacle flies out from the starspawn's body!
A starspawn tentacle comes into view.
Tentacles burst from the starspawn's body!
The starspawn tentacle grabs your butterfly.
The starspawn tentacle constricts your butterfly.
Your butterfly dies!
Your butterfly disappears in a burst of colours! 2 starspawn tentacles come into view.
Something bites your butterfly.
Your butterfly dies!
Your butterfly disappears in a burst of colours!
The starspawn tentacle completely misses your butterfly.
The small abomination attacks as it pursues you!
The small abomination misses you.
The small abomination closely misses you.
The small abomination attacks as it pursues you!
The small abomination hits you!
You die...

......... h### . .#
##.### ...# ## # .X
##...#~ ~# ... .##...
~~~ ~# ..... b.b.# ~~
~# .....#bb# .##~ ~##
.....#b # #.#~###~~#
#.###.b #k#b~~@#
##.XXX..# #.#~~~x# ~#
..b.XX .## .##~#~#~~#
.#X.X###.Λ#k###...#
.X#X.#.X│.─.w..###..#
#.X#w│#w│5##w....####
.. .# ##\\#─wb.###
#.. #....\V#..##
...##.b.#─..#.


You could see a small abomination.

Vanquished Creatures
  A two-headed ogre (D:8)
  A centaur warrior (D:9)
  Pikel (D:7)
  3 unseen horror zombies (D:8)
  A troll (D:9)
  A raiju (Abyss:1)
  A blink frog (Abyss:1)
  Prince Ribbit (D:8)
  Sigmund (D:3)
  A wyvern (D:7)
  A ynoxinul (Abyss:1)
  4 yaks (D:7)
  A large abomination (Abyss:1)
  Edmund (D:6)
  2 water moccasins (D:6)
  An acid dragon (D:8)
  An orc warrior (D:8)
  An ice beast (D:8)
  4 black bears
  7 ogres
  A centaur (D:7)
  A phantom (D:3)
  5 kobold brigands
  3 bullfrogs (D:7)
  6 scorpions
  4 wights (D:8)
  3 small abominations (Abyss:1)
  A wyvern zombie (D:8)
  A howler monkey (D:6)
  4 jellies (D:6)
  2 quasits (Abyss:1)
  2 centaur zombies (D:8)
  2 orc priests
  A gnoll bouda (D:6)
  3 hounds
  2 iguanas (D:6)
  A sleepcap (D:6)
  Jessica (D:2)
  Ijyb (D:3)
  A killer bee zombie (D:8)
  A howler monkey zombie (D:8)
  5 adders
  7 gnolls
  2 white imps
  2 ufetubi
  A worm (D:5)
  3 dart slugs
  20 orcs
  7 ball pythons
  5 bats
  8 endoplasms
  3 giant cockroaches
  4 goblins
  3 hobgoblins (D:1)
  4 quokkas
  7 frilled lizards
  14 kobolds
  7 rats
183 creatures vanquished.

Vanquished Creatures (others)
  A human (D:4)
  8 starspawn tentacles (Abyss:1)
9 creatures vanquished.

Grand Total: 192 creatures vanquished

Notes
Turn   | Place    | Note
-------+----------+-------------------------------------------
     0 | D:1      | Gergoth the Demigod Venom Mage began the quest for the Orb.
     0 | D:1      | Reached XP level 1. HP: 14/14 MP: 5/5
   346 | D:1      | Reached XP level 2. HP: 11/22 MP: 1/7
  1032 | D:2      | Learned a level 2 spell: Poisonous Vapours
  1071 | D:2      | Reached skill level 1 in Armour
  1126 | D:2      | Reached skill level 1 in Fighting
  1126 | D:2      | Reached XP level 3. HP: 25/28 MP: 3/8
  1565 | D:2      | Noticed Jessica
  1573 | D:2      | Killed Jessica
  1574 | D:2      | Reached XP level 4. HP: 30/35 MP: 4/10
  1965 | D:3      | Noticed Sigmund
  2028 | D:3      | Identified the +9 long sword "Keaxoarch" {protect, Fly
                  | Str+3}
  2130 | D:3      | Noticed a phantom
  2135 | D:3      | Killed a phantom
  2136 | D:3      | Reached skill level 2 in Fighting
  2136 | D:3      | Reached XP level 5. HP: 41/41 MP: 11/11
  2336 | D:4      | Noticed an ogre
  2572 | D:4      | Reached skill level 1 in Long Blades
  2572 | D:4      | Reached skill level 1 in Air Magic
  2843 | D:4      | Reached XP level 6. HP: 43/50 MP: 9/12
  3204 | D:4      | Noticed a human
  3208 | D:4      | Killed a human
  3323 | D:3      | Killed Sigmund
  3324 | D:3      | Reached skill level 3 in Fighting
  3492 | D:3      | Noticed Ijyb
  3538 | D:3      | Killed Ijyb
  3539 | D:3      | Reached XP level 7. HP: 39/57 MP: 1/13
  3544 | D:3      | Identified the +0 pair of gloves "Hoesch" {Will+ Str+3}
  3759 | D:5      | Entered Level 5 of the Dungeon
  3850 | D:5      | Reached skill level 1 in Transmutations
  4673 | D:7      | Noticed a wyvern
  4899 | D:6      | Reached XP level 8. HP: 62/66 MP: 2/16
  5077 | D:6      | Reached skill level 4 in Fighting
  5610 | D:6      | Noticed Edmund
  5617 | D:6      | Killed Edmund
  6073 | D:7      | Found a large runed translucent door.
  6074 | D:7      | Found a large runed translucent door.
  6077 | D:7      | Noticed Gruesome's ghost (novice OpSh)
  6177 | D:7      | Found a staircase to the Ecumenical Temple.
  6185 | Temple   | Entered the Ecumenical Temple
  6475 | D:7      | Found Vaonintu's Magic Scroll Shop.
  6484 | D:7      | Bought a scroll of amnesia for 48 gold pieces
  6484 | D:7      | Bought a scroll of teleportation for 36 gold pieces
  6484 | D:7      | Bought a scroll of noise for 12 gold pieces
  6484 | D:7      | Bought a scroll of enchant armour for 90 gold pieces
  6583 | D:7      | Reached XP level 9. HP: 56/72 MP: 9/18
  6662 | D:7      | Learned a level 3 spell: Mephitic Cloud
  6666 | D:7      | Learned a level 3 spell: Swiftness
  6671 | D:7      | Learned a level 4 spell: Airstrike
  6757 | D:7      | Noticed Pikel
  6780 | D:7      | Killed Pikel
  6781 | D:7      | Reached skill level 5 in Fighting
  6781 | D:7      | Reached skill level 5 in Armour
  6781 | D:7      | Reached skill level 1 in Conjurations
  7538 | D:8      | Noticed Prince Ribbit
  7548 | D:8      | Killed Prince Ribbit
  7603 | D:8      | Reached skill level 5 in Long Blades
  8400 | D:8      | Reached skill level 5 in Spellcasting
  8451 | D:8      | Reached XP level 10. HP: 83/83 MP: 21/21
  8944 | D:8      | Noticed a two-headed ogre
  8960 | D:8      | Killed a two-headed ogre
  8961 | D:8      | Reached skill level 6 in Fighting
  9122 | D:9      | Found a staircase to the Orcish Mines.
  9397 | D:8      | Reached skill level 5 in Dodging
  9618 | D:9      | Reached skill level 5 in Air Magic
  9758 | D:9      | Noticed a centaur warrior
  9771 | D:9      | HP: 4/84 [centaur warrior (5)]
  9774 | D:9      | Killed a centaur warrior
  9948 | Abyss:1  | Cast into level 1 of the Abyss (gnoll sergeant)
  9995 | Abyss:1  | Noticed a tentacled starspawn
 10142 | Abyss:1  | Noticed a wretched star
 10217 | Abyss:1  | Noticed a blizzard demon
 10273 | Abyss:1  | Noticed an ophan
 10288 | Abyss:1  | Noticed a starcursed mass
 10308 | Abyss:1  | HP: 1/84 [raiju/living lightning (9)]
 10324 | Abyss:1  | Reached skill level 7 in Fighting
 10334 | Abyss:1  | Noticed a white draconian stormcaller
 10334 | Abyss:1  | Noticed a smoke demon
 10336 | Abyss:1  | Noticed a hell knight
 10928 | Abyss:1  | Noticed a tentacled starspawn
 10988 | Abyss:1  | Noticed a hell hog
 10998 | Abyss:1  | Noticed a death drake
 11002 | Abyss:1  | Noticed a starcursed mass
 11013 | Abyss:1  | Noticed a tentacled starspawn
 11015 | Abyss:1  | HP: 4/86 [starcursed mass/accursed screaming (7)]
 11015 | Abyss:1  | Paralysed by accursed screaming for 1 turns
 11026 | Abyss:1  | Mangled by a small abomination

Illustrated notes

Levels and vault maps discovered:
D:1:      dpeg_arrival_brainrot, layout_loops_ring
D:2:      layout_loops_ring, basic_altar, minmay_misc_feat_hallway,
          minmay_strange_pillars, uniq_jessica
D:3:      layout_rooms, uniq_sigmund, uniq_ijyb
D:4:      layout_loops_ring, cheibrodos_ashenzari_chains,
          nicolae_overflow_crystal_walls, tgw_kikubaaqudgha, zin_academy,
          serial_rivers, chequers_serial_rivers_large_a,
          chequers_serial_rivers_large_b, chequers_serial_rivers_micro_e,
          chequers_serial_rivers_micro_b, chequers_serial_rivers_micro_a,
          chequers_serial_rivers_room_a
D:5:      black_bear_nest_2, layout_loops_ring, elyvilon_altar_5
D:6:      layout_basic, mainiacjoe_overflow_24_doors, uniq_edmund
D:7:      layout_basic, mainiacjoe_overflow_small_starburst,
          minmay_temple_entry_sparse_star, ebering_ghost_disaster_area,
          serial_shops, shop, uniq_pikel
D:8:      layout_layer_cave, nicolae_yredelemnul_corpse_copse,
          uniq_prince_ribbit1
D:9:      layout_big_octagon, lemuel_doored_altar,
          kennysheep_orc_monster_closet_entryway, minmay_microvault
Temple:   nicolae_temple_hex_pool
Abyss:1:  base: D:4, hangedman_abyss_or_decor_lesser_grid

Skill      XL: |  1  2  3  4  5  6  7  8  9 10 |
---------------+-------------------------------+-----
Dodging        | 2 3 4 5 |  5.7
Spellcasting   | 2 3 4 5 6 |  6.3
Armour         | 1 2 3 4 5 |  5.4
Fighting       | 1 2 3 4 5 7 |  7.0
Long Blades    | 1 2 3 4 5 |  5.0
Air Magic      | 1 2 3 5 |  5.5
Transmutations | 2 3 |  3.5
Poison Magic   | 3 4 |  4.4
Conjurations   | 2 |  2.2
Stealth        | |  1.7

Action                     |  1- 3 |  4- 6 |  7- 9 | 10-12 || total
---------------------------+-------+-------+-------+-------++-------
  Melee: Unarmed           |    26 |     3 |       |       ||    29
         Long sword        |       |    55 |   175 |   130 ||   360
         Punch             |       |       |     1 |     3 ||     4
   Cast: Sting             |    58 |    28 |    34 |    11 ||   131
         Poisonous Vapours |       |    15 |    82 |    50 ||   147
         Airstrike         |       |       |     2 |     8 ||    10
  Evoke: Wand              |       |       |     1 |     1 ||     2
    Use: Scroll            |       |       |    10 |    10 ||    20
         Potion            |       |       |       |     4 ||     4
   Stab: Sleeping          |       |     4 |     1 |       ||     5
 Armour: Robe              |    10 |    38 |       |       ||    48
         Leather armour    |       |       |   117 |    69 ||   186
         Acid dragon scale |       |       |       |    97 ||    97
  Dodge: Dodged            |    35 |    46 |   132 |   175 ||   388

Table legend: (Time is in decaauts)
 A = Elapsed time spent in this place.
 B = Non-inter-level travel time spent in this place.
 C = Inter-level travel time spent in this place.
 D = Time resting spent in this place.
 E = Time spent auto-exploring this place.
 F = Levels seen in this place.
 G = Mean time per level.
                   A        B        C        D        E       F      G
               +--------+--------+--------+--------+--------+-----+--------+
         Total |  11098 |  10819 |    279 |   2025 |   5412 |  11 | 1008.9 |
       Dungeon |  10011 |   9732 |    279 |   1534 |   5412 |   9 | 1112.3 |
        Temple |      1 |      1 |      0 |      0 |      0 |   1 |    1.0 |
         Abyss |   1085 |   1085 |      0 |    491 |      0 |   1 | 1085.0 |
               +--------+--------+--------+--------+--------+-----+--------+

Top non-repeatable levels by time:
     D:8: 2153 daAuts
     D:7: 1504 daAuts
     D:6: 1297 daAuts
 Abyss:1: 1085 daAuts
     D:4: 1076 daAuts
     D:1: 1020 daAuts
     D:2: 999 daAuts
     D:5: 833 daAuts
     D:3: 681 daAuts
     D:9: 445 daAuts
  Temple: 1 daAuts
